Map: Jagannatha LE

Players

Solar - Winner!

  • Race: Zerg Zerg
  • League: Diamond
  • Spawn Location: 7:00

MaxPax

  • Race: Protoss Protoss
  • Spawn Location: 1:00

Event: DreamHack SC2 Masters 2020 Winter

VOD

Have the link to the VOD?

Description

Time

  • Played on: Oct. 12, 2020, 10:01 p.m.
  • Length: 7:59

All games in this series

Show
View Real Time Build Order
Export as new Build Order

Solar Zerg - Winner!

Build Orders: Hatch First 

Get SALT Encoding   

  12  0:01  Drone  
  13  0:12  Overlord  
  13  0:17  Drone  
  14  0:30  Drone x2  
  16  0:48  Hatchery  
  15  0:51  Drone  
  15  0:54  Drone  
  17  0:58  Drone  
  18  1:08  Extractor  
  17  1:13  Spawning Pool  
  17  1:18  Drone  
  17  1:22  Drone  
  18  1:29  Drone  
  19  1:39  Drone  
  20  1:51  Drone  
  21  2:00  Overlord  
  21  2:01  Queen x2  
  21  2:03  Zergling x2  
  26  2:09  Metabolic Boost  
  26  2:12  Drone  
  26  2:15  Zergling x2  
  28  2:22  Drone x2  
  30  2:39  Drone, Hatchery  
  30  2:47  Queen  
  30  2:51  Overlord  
  32  2:53  Drone  
  32  2:56  Drone  
  34  2:59  Drone  
  34  3:00  Drone  
  36  3:13  Drone x2  
  36  3:14  Drone x2  
  36  3:15  Drone  
  36  3:16  Drone  
  36  3:18  Overlord  
  42  3:22  Drone x2  
  44  3:29  Overlord  
  44  3:37  Drone x2  
  44  3:40  Drone  
  47  3:42  Spore Crawler  
  47  3:43  Drone  
  47  3:44  Drone x2  
  47  3:47  Queen  
  51  3:50  Queen  
  51  3:52  Zergling x2  
  51  3:54  Drone x2  
  56  3:57  Overlord  
  56  4:00  Zergling x4  
  56  4:02  Zergling x2  
  59  4:07  Zergling x6  
  62  4:14  Roach Warren  
  62  4:15  Zergling x8  
  65  4:23  Spore Crawler  
  64  4:24  Spore Crawler  
  64  4:25  Overlord  
  64  4:26  Drone x2  
  64  4:28  Zergling x2  
  66  4:33  Lair  
  66  4:35  Drone x2, Extractor  
  66  4:37  Extractor  
  65  4:39  Drone  
  65  4:41  Overlord  
  65  4:43  Drone  
  65  4:44  Drone x2  
  67  4:46  Drone  
  67  4:47  Drone  
  67  4:49  Drone  
  67  4:50  Drone  
  67  4:53  Drone  
  67  4:54  Drone  
  67  4:58  Drone x4  
  66  5:00  Zergling x2  
  66  5:01  Zergling x2  
  66  5:03  Zergling x2  
  66  5:07  Overlord  
  68  5:08  Zergling x2  
  68  5:12  Queen  
  72  5:14  Zergling x2  
  72  5:17  Overlord  
  72  5:18  Queen  
  72  5:21  Zergling x2  
  75  5:23  Overlord  
  75  5:26  Overlord  
  75  5:30  Zergling x4  
  75  5:35  Nydus Network  
  76  5:38  Extractor, Roach x2  
  76  5:39  Extractor, Roach x2  
  76  5:41  Roach  
  86  5:43  Roach  
  86  5:49  Queen  
  88  5:51  Queen  
  88  5:54  Zergling x6  
  91  6:00  Queen  
  91  6:11  Nydus Canal  
  91  6:12  Zergling x8  
  91  6:14  Ravager x2  
  91  6:15  Ravager x2  
  91  6:16  Overlord  
  97  6:24  Queen  
  99  6:26  Zergling x10  
  99  6:30  Nydus Canal  
  99  6:31  Overlord  
  104  6:34  Queen, Ravager  
  104  6:35  Zergling x4  
  104  6:37  Zergling x2  
  104  6:38  Zergling x2  
  111  6:44  Zergling x8  
  114  6:51  Zergling x2  
  113  6:55  Queen  
  113  6:57  Spore Crawler  
  113  6:59  Zergling x2  
  111  7:02  Spore Crawler x2  
  111  7:04  Zergling x6  
  111  7:07  Ravager  
  110  7:08  Zergling x2  
  110  7:12  Zergling x2  
  110  7:13  Queen  
  111  7:16  Queen  
  111  7:21  Zergling x4  
  104  7:27  Zergling x2  
  104  7:28  Zergling x2  
  104  7:29  Zergling x2  
  102  7:30  Zergling x2  
  102  7:34  Zergling x6  
  106  7:37  Roach  
  106  7:39  Roach  
Show
View Real Time Build Order
Export as new Build Order

MaxPax Protoss 

Build Orders: 1 Gate Expand, Oracle Opening 

Get SALT Encoding   

  12  0:00  Probe  
  13  0:12  Probe  
  14  0:20  Pylon  
  14  0:24  Probe  
  15  0:38  Probe (Chrono Boost)  
  15  0:40  Gateway  
  16  0:48  Assimilator  
  16  0:49  Probe (Chrono Boost)  
  17  0:53  Probe (Chrono Boost)  
  18  1:04  Probe  
  19  1:17  Probe  
  20  1:25  Nexus  
  20  1:33  Cybernetics Core  
  20  1:36  Probe  
  21  1:42  Assimilator  
  21  1:48  Probe  
  21  1:51  Pylon  
  22  2:00  Probe (Chrono Boost)  
  23  2:11  Stalker, Warp Gate  
  23  2:12  Probe (Chrono Boost)  
  26  2:21  Probe (Chrono Boost)  
  27  2:27  Probe  
  28  2:35  Stargate  
  28  2:37  Probe  
  28  2:39  Probe  
  28  2:43  Adept  
  32  2:49  Probe (Chrono Boost)  
  32  2:51  Shield Battery  
  33  2:54  Probe (Chrono Boost)  
  33  3:01  Probe (Chrono Boost)  
  33  3:05  Gateway  
  35  3:07  Probe (Chrono Boost)  
  35  3:10  Probe (Chrono Boost)  
  36  3:15  Probe (Chrono Boost)  
  36  3:19  Probe (Chrono Boost), Oracle (Chrono Boost)  
  38  3:22  Probe (Chrono Boost)  
  42  3:27  Probe  
  42  3:29  Pylon  
  42  3:32  Probe  
  44  3:40  Probe  
  45  3:44  Probe  
  45  3:46  Oracle (Chrono Boost)  
  46  3:50  Pylon  
  46  3:52  Probe  
  50  3:57  Probe  
  50  4:00  Adept  
  53  4:05  Probe  
  53  4:09  Nexus  
  54  4:11  Pylon  
  54  4:13  Zealot  
  54  4:14  Probe  
  57  4:17  Probe  
  57  4:20  Assimilator  
  57  4:23  Assimilator  
  58  4:25  Pylon  
  58  4:27  Void Ray (Chrono Boost)  
  58  4:30  Zealot  
  61  4:32  Shield Battery  
  64  4:43  Zealot  
  64  4:45  Shield Battery  
  63  4:53  Probe  
  63  4:56  Void Ray (Chrono Boost)  
  63  4:59  Probe  
  61  5:01  Zealot  
  61  5:05  Stargate, Probe  
  66  5:11  Probe  
  67  5:17  Probe  
  68  5:23  Zealot x2, Shield Battery, Probe  
  73  5:29  Probe, Void Ray (Chrono Boost)  
  73  5:35  Pylon  
  78  5:36  Probe  
  78  5:38  Probe  
  78  5:39  Pylon  
  78  5:42  Void Ray (Chrono Boost)  
  80  5:44  Probe  
  85  5:50  Probe  
  85  5:52  Probe  
  85  5:56  Probe  
  88  6:02  Void Ray (Chrono Boost)  
  88  6:03  Probe  
  89  6:04  Probe  
  89  6:09  Probe  
  95  6:14  Zealot x2  
  95  6:15  Probe  
  95  6:16  Probe  
  95  6:17  Robotics Facility, Shield Battery, Void Ray (Chrono Boost)  
  101  6:20  Pylon  
  101  6:23  Probe  
  106  6:27  Assimilator, Probe  
  107  6:33  Shield Battery  
  107  6:35  Shield Battery  
  107  6:36  Shield Battery  
  107  6:37  Sentry  
  109  6:54  Void Ray x2 (Chrono Boost)  
  107  7:01  Pylon  
  109  7:15  Immortal (Chrono Boost)  
  109  7:16  Probe  
  109  7:21  Probe  
  89  7:28  Probe  
  89  7:29  Probe  
Tags
 
Add a new tag
Caveats
  • Supply blocks, unpowered buildings, or Contaminate may cause inaccurate times.
  • Supply counts are checked every 10 seconds.